 Dungeon Crawl Stone Soup version 0.31-a0-848-gaac375c287 (webtiles) character file.

Game seed: 11222908039545353616

17866 Kurtz the Geomancer (level 12, 25/49 HPs)
             Began as a Felid Earth Elementalist on Oct 4, 2023.
             Was an Elder of Qazlal.
             Quit the game in an ice cave.
             The game lasted 00:38:51 (17767 turns).

Kurtz the Geomancer (Felid Earth Elementalist)     Turns: 17767, Time: 00:38:52

Health: 25/49      AC:  3    Str:  8    XL:     12   Next: 22%
Magic:  1/29       EV: 22    Int: 20    God:    Qazlal [****..]
Gold:   1031       SH:  5    Dex: 18    Spells: 6/21 levels left
                                        Lives:  1   Deaths: 3

rFire   . .          .
                       - Unarmed
rCold   + . .        (shield unavailable)
rNeg    + . .        (body armour unavailable)
rPois   .            (helmet unavailable)
rElec   .            (cloak unavailable)
rCorr   .            (gloves unavailable)
SInv    +            (boots unavailable)
Will    +....        (no amulet)
Stlth   ++           o - ring of Helinice {rN+ Str+4}
HPRegen 0.28/turn    q - ring of magical power
MPRegen 0.21/turn

%: repel missiles
@: beast-form, quick
A: beast (slay +1), very small, claws 1, fangs 3, see invisible, speed 1, shaggy
fur 3, stealthy paws, no weapons or thrown items, no armour, multi-lived
a: Begin Untransformation, Renounce Religion, Upheaval, Elemental Force


You were in an ice cave.
You worshipped Qazlal.
Qazlal was greatly pleased with you.
You were a hulking beast.
You visited 1 branch of the dungeon, and saw 12 of its levels.
You also visited: Ice Cave.

You collected 1031 gold pieces.

Inventory:

Jewellery
 o - the ring of Helinice (left paw) {rN+ Str+4}
   (You found it on level 7 of the Dungeon)

   [ring of positive energy]

   Str+4:     It affects your strength (+4).
   rN+:       It protects you from negative energy.
 q - a ring of magical power (right paw)
 r - a ring of fire
 x - the ring of Puevuepn {rF- rCorr Str+2 Int+4}
   (You found it on level 9 of the Dungeon)

   [ring of resist corrosion]

   Str+2:     It affects your strength (+2).
   Int+4:     It affects your intelligence (+4).
   rF-:       It makes you vulnerable to fire.
   rCorr:     It protects you from acid and corrosion.
Talismans
 n - a beast talisman (active)
Wands
 d - a wand of flame (29)
 j - a wand of charming (9) (quivered)
 l - a wand of iceblast (5)
 v - a wand of mindburst (12)
Scrolls
 b - a scroll of summoning
 c - a scroll of immolation
 e - 3 scrolls of teleportation
 g - 2 scrolls of amnesia
 m - 2 scrolls of fear
 p - 2 scrolls of enchant weapon
 y - 2 scrolls of enchant armour {unknown}
 C - 2 scrolls of blinking {unknown}
Potions
 a - 2 potions of magic
 h - a potion of cancellation
 i - a potion of heal wounds
 k - 2 potions of might
 s - 2 potions of haste {unknown}
 z - a potion of mutation {unknown}
 A - 2 potions of brilliance {unknown}
 B - a potion of enlightenment {unknown}
Miscellaneous
 t - a box of beasts


   Skills:
 - Level 4.0 Fighting
 * Level 8.2 Dodging
 - Level 3.0 Stealth
 * Level 3.1 Unarmed Combat
 - Level 5.2 Spellcasting
 - Level 5.5 Conjurations
 - Level 4.0 Necromancy
 - Level 1.1 Transmutations
 * Level 13.8 Earth Magic
 * Level 5.3 Invocations
 - Level 3.2 Shapeshifting


You had 6 spell levels left.
You knew the following spells:

 Your Spells              Type           Power      Damage    Failure   Level
a - Sandblast             Erth           100%       2d20      1%          1
b - Stone Arrow           Conj/Erth      88%        3d12      1%          3
c - Passwall              Tmut/Erth      29%        N/A       1%          2
d - Borgnjor's Vile Clut  Necr/Erth      20%        N/A       9%          5
e - Brom's Barrelling Bo  Conj/Erth      44%        2d6       1%          4

Your spell library contained the following spells:

 Spells                   Type           Power      Damage    Failure   Level
 Petrify                  Tmut/Erth      35%        N/A       5%          4
 Mephitic Cloud           Conj/Pois/Air  12%        N/A       16%         3
 Lesser Beckoning         Tloc           10%        N/A       17%         2
 Poisonous Vapours        Pois/Air       10%        N/A       17%         2
 Animate Dead             Necr           21%        N/A       22%         4
 Gell's Gravitas          Tloc           5%         N/A       34%         3
 Teleport Other           Tloc           5%         N/A       34%         3
 Freezing Cloud           Conj/Ice/Air   6%         6-21      82%         5
 Death Channel            Necr           10%        N/A       97%         6


Dungeon Overview and Level Annotations

Branches:
Dungeon (12/15)            Temple (0/1) D:7            Lair (0/5) D:8
    Orc (0/2) D:12          IceCv (1/1)

Altars:
Nemelex Xobeh
Okawaru
Qazlal
Wu Jian
Yredelemnul
Zin
The Shining One

Shops:
D:3 [   D:4 !   D:11 (

Annotations:
D:3 2 transporters, audacious124's ghost, weakling TeCj
D:4 exclusion: 2 downstairs
D:6 exclusion: 2 downstairs
D:8 2 transporters, exclusion: 2 downstairs, ninjaread99's ghost, novice DrCj IceCv exclusion: ice statue


Innate Abilities, Weirdness & Mutations

You are a hulking beast.
Your limbs bulge with bestial killing power. (Slay +1)
You have sharp claws.
You have razor-sharp teeth.
You have supernaturally acute eyesight. (SInv)
You cover ground quickly. (Speed+)
Your thick and shaggy fur keeps you warm. (AC +3, rC+)
Your paws help you pounce on unaware monsters.
You are incapable of wielding weapons or throwing items.
You cannot wear armour.
You gain extra lives every three experience levels.


Message History

A cane toad simulacrum comes into view.
A wolf simulacrum and a naga simulacrum come into view.
Your surroundings suddenly seem different.
A death yak simulacrum and a troll simulacrum come into view.
The wolf simulacrum moves out of view.
As you read the scroll of teleportation, it crumbles to dust.
You feel strangely unstable.
Your surroundings suddenly seem different.
An ice statue comes into view.
Marking area around an ice statue as unsafe for travelling.
An ice devil comes into view.
An ice devil is nearby!
A freezing wraith comes into view.
A death yak simulacrum comes into view.
Casting: Stone Arrow (safe; 1% risk of failure)
Confirm with . or Enter, or press ? or * to list all spells.
Okay, then.
Casting: Stone Arrow (safe; 1% risk of failure)
Confirm with . or Enter, or press ? or * to list all spells.
Aiming: Stone Arrow (safe; 1% risk of failure)
Press: ? - help, Shift-Dir - straight line, f - ice devil
Aim: an ice devil (76% to hit)
The stone arrow hits the ice devil!
The ice devil is moderately wounded.
Unknown command.
Casting: Stone Arrow (safe; 1% risk of failure)
Confirm with . or Enter, or press ? or * to list all spells.
Aiming: Stone Arrow (safe; 1% risk of failure)
Press: ? - help, Shift-Dir - straight line, f/p - ice devil
Aim: an ice devil (moderately wounded, 76% to hit)
The stone arrow misses the ice devil.
Unknown command.
Casting: Stone Arrow (safe; 1% risk of failure)
Confirm with . or Enter, or press ? or * to list all spells.
Aiming: Stone Arrow (safe; 1% risk of failure)
Press: ? - help, Shift-Dir - straight line, f/p - ice devil
Aim: an ice devil (freezing vapour, moderately wounded, 76% to hit)
The stone arrow hits the ice devil!
The ice devil is heavily wounded.
Unknown command.
Are you sure you want to abandon this character and quit the game? (Confirm with "yes".)

##..# ...
○§§.###..#...
#..## ...
#§§.#....2...
#..# ..#
#§§.#.4......
#..# #Z##
#ZZ.#..2####.
#... ##..#
#§§5.Z4....
##.4##...#
#§.#.........
#.....4W#
##§##5.#.#..#
##.. #4§#
#Z.#.##.#..#
#..#h.#
#....# .# ..
#..# ##..##
##..#
#.......# ..#
##......#
...# #.....##
#..# ##...##
... .### ...#
## ...8 #


You could see 2 ice devils, a freezing wraith and a death yak simulacrum.

Vanquished Creatures
  Gastronok (D:9)
  A two-headed ogre (D:6)
  Urug (D:12)
  Lodul (D:11)
  A cyclops (D:10)
  2 komodo dragons
  An anaconda simulacrum (IceCv)
  4 kobold demonologists
  2 unseen horror zombies (D:9)
  An ice devil (IceCv)
  6 trolls
  3 hornets
  4 slime creatures (D:12)
  A wyvern (D:5)
  16 yaks
  4 steam dragons
  Grum (D:11)
  3 acid dragons
  Duvessa (D:5)
  A water moccasin (D:8)
  3 ice beasts
  2 black bears (D:5)
  3 orc warriors
  8 ogres
  7 centaurs
  2 wolves (D:11)
  5 kobold brigands
  2 gnoll sergeants
  3 bullfrogs
  A two-headed ogre simulacrum (D:12)
  3 scorpions
  14 wights
  Dowan (D:5)
  15 killer bees
  5 howler monkeys
  4 centaur zombies (D:9)
  3 hounds
  2 jellies
  Crazy Yiuf (D:4)
  2 orc priests
  7 iguanas
  8 orc wizards
  Terence (D:2)
  A polar bear simulacrum (D:12)
  5 spriggan simulacra
  A troll simulacrum (D:12)
  3 wolf simulacra
  2 howler monkey zombies (D:9)
  8 adders
  5 gnolls (D:10)
  A naga simulacrum (IceCv)
  2 shadow imps
  5 white imps
  An ufetubus (D:6)
  2 worms
  3 dart slugs (D:1)
  31 orcs
  5 ball pythons
  9 endoplasms
  9 giant cockroaches
  12 hobgoblins
  A jackal (D:5)
  15 kobolds
  2 quokkas (D:4)
  5 bats
  2 frilled lizards
  13 goblins
  7 rats
  A spectral orc (D:7)
308 creatures vanquished.

Vanquished Creatures (collateral kills)
  A yak (D:10)
  A boulder (D:10)
2 creatures vanquished.

Vanquished Creatures (others)
  A yak (D:10)
1 creature vanquished.

Grand Total: 311 creatures vanquished

Notes
Turn   | Place    | Note
-------+----------+-------------------------------------------
     0 | D:1      | Kurtz the Felid Earth Elementalist began the quest for the
                  | Orb.
     0 | D:1      | Reached XP level 1. HP: 7/7 MP: 4/4
   134 | D:1      | Reached skill level 3 in Earth Magic
   153 | D:1      | Reached XP level 2. HP: 11/11 MP: 4/6
  1056 | D:2      | Reached XP level 3. HP: 14/14 MP: 5/7
  1199 | D:2      | Learned a level 3 spell: Stone Arrow
  1202 | D:2      | Learned a level 2 spell: Passwall
  1299 | D:2      | Found a faded altar of an unknown god.
  1335 | D:2      | Prayed at the altar of an unknown god.
  1335 | D:2      | Became a worshipper of Qazlal Stormbringer
  1335 | D:2      | Reached * piety under Qazlal
  1342 | D:2      | Reached skill level 4 in Earth Magic
  1963 | D:2      | Reached XP level 4. HP: 18/18 MP: 4/8
  2031 | D:2      | Noticed Terence
  2263 | D:3      | Found Roirr's Armour Emporium.
  2315 | D:3      | Reached ** piety under Qazlal
  2465 | D:3      | Noticed a gnoll sergeant
  2495 | D:3      | Found a transporter.
  2521 | D:3      | Noticed audacious124's ghost (weakling TeCj)
  2744 | D:3      | Reached XP level 5. HP: 21/21 MP: 5/9
  2960 | D:3      | Found a transporter.
  3191 | D:2      | Killed Terence
  3192 | D:2      | Reached skill level 5 in Earth Magic
  3269 | D:4      | Reached skill level 1 in Invocations
  3421 | D:4      | Found an iron altar of Okawaru.
  3618 | D:4      | Reached skill level 1 in Conjurations
  3618 | D:4      | Gained mutation: You are covered in thick fur. (AC +2)
                  | [Felid growth]
  3618 | D:4      | Reached XP level 6. HP: 24/24 MP: 6/11
  4045 | D:4      | Found Nomaed Duts's Distillery.
  4290 | D:4      | Reached XP level 7. HP: 27/27 MP: 7/13
  4347 | D:4      | Found a runed translucent door.
  4348 | D:4      | Noticed Crazy Yiuf
  4630 | D:5      | Entered Level 5 of the Dungeon
  4770 | D:5      | Reached skill level 1 in Unarmed Combat
  4770 | D:5      | Reached skill level 6 in Earth Magic
  4976 | D:5      | Noticed a wyvern
  4977 | D:5      | Noticed Duvessa
  4979 | D:5      | Killed a wyvern
  5333 | D:5      | Reached skill level 1 in Fighting
  5362 | D:5      | Noticed Dowan
  5963 | D:6      | Noticed a two-headed ogre
  5964 | D:6      | Killed a two-headed ogre
  5965 | D:6      | Reached skill level 7 in Earth Magic
  5965 | D:6      | Reached skill level 1 in Shapeshifting
  5965 | D:6      | Reached XP level 8. HP: 33/33 MP: 11/15
  6073 | D:6      | Learned a level 5 spell: Borgnjor's Vile Clutch
  6555 | D:5      | Killed Duvessa
  6556 | D:5      | Reached skill level 5 in Dodging
  6556 | D:5      | Reached XP level 9. HP: 35/37 MP: 3/17
  6674 | D:5      | Killed Dowan
  6675 | D:5      | Reached skill level 5 in Spellcasting
  6781 | D:6      | Reached skill level 1 in Necromancy
  7358 | D:6      | Reached *** piety under Qazlal
  7526 | D:6      | Identified the +5 falchion "Giadem" {drain, Stlth+}
  7532 | D:6      | Found a sparkling altar of Nemelex Xobeh.
  7536 | D:6      | Found an ornate altar of the Wu Jian Council.
  7539 | D:6      | Found a glowing golden altar of the Shining One.
  8077 | D:7      | Reached skill level 8 in Earth Magic
  8641 | D:7      | Found a staircase to the Ecumenical Temple.
  8961 | D:7      | Identified the ring of Helinice {rN+ Str+4}
  9060 | D:7      | Found a glowing silver altar of Zin.
  9366 | D:7      | Found a basalt altar of Yredelemnul.
  9436 | D:7      | Reached skill level 9 in Earth Magic
 10542 | D:8      | Reached XP level 10. HP: 34/41 MP: 14/18
 10576 | D:8      | Paralysed by a hornet for 1 turns
 10577 | D:8      | HP: 1/41 [hornet (10)]
 10578 | D:8      | Slain by a gnoll sergeant
 10628 | D:8      | Found a transporter.
 10631 | D:8      | Found a transporter.
 10690 | D:9      | Noticed Gastronok
 10740 | D:8      | Found a staircase to the Lair.
 10790 | D:8      | Noticed ninjaread99's ghost (novice DrCj)
 10792 | D:8      | Noticed a toenail golem
 10964 | D:8      | Learned a level 4 spell: Brom's Barrelling Boulder
 11794 | D:8      | Slain by a wight
 11874 | D:8      | Reached skill level 5 in Conjurations
 12042 | D:8      | Reached skill level 10 in Earth Magic
 12172 | D:10     | Entered Level 10 of the Dungeon
 13160 | D:10     | Reached skill level 11 in Earth Magic
 13167 | D:10     | Reached XP level 11. HP: 35/45 MP: 1/19
 13885 | D:9      | Killed Gastronok
 14521 | D:9      | Reached skill level 12 in Earth Magic
 14788 | D:9      | Reached **** piety under Qazlal
 15106 | D:9      | Identified the ring of Puevuepn {rF- rCorr Str+2 Int+4}
 15552 | D:4      | Killed Crazy Yiuf
 15914 | D:11     | Noticed Lodul
 16043 | D:11     | Killed Lodul
 16288 | D:11     | Noticed Grum
 16322 | D:11     | Killed Grum
 16323 | D:11     | Reached skill level 13 in Earth Magic
 16522 | D:11     | Found Titziumi's Antique Weapon Boutique.
 16577 | D:11     | Noticed a soul eater
 16870 | D:11     | Reached skill level 5 in Invocations
 17144 | D:11     | Found a stormy altar of Qazlal.
 17312 | D:12     | Gained mutation: Your thick and shaggy fur keeps you warm.
                  | (AC +3, rC+) [Felid growth]
 17312 | D:12     | Reached XP level 12. HP: 49/49 MP: 18/20
 17430 | D:12     | Found a frozen archway.
 17524 | D:12     | Noticed Urug
 17529 | D:12     | Killed Urug
 17647 | IceCv    | Entered an ice cave
 17719 | IceCv    | Slain by an anaconda simulacrum
 17753 | IceCv    | Noticed a reaper
 17767 | IceCv    | Quit the game

Illustrated notes

Levels and vault maps discovered:
D:1:      dpeg_arrival_shelter, layout_rooms
D:2:      cheibrodos_greedy_goblins, layout_basic,
          hellmonk_ecumenical_altar_zigzags, chequers_decorated_corner,
          guppyfry_early_orc_mine, uniq_terence
D:3:      layout_basic, gammafunk_ghost_gnarly_gnolls, serial_shops, shop
D:4:      layout_loops_ring, mainiacjoe_overflow_boulevard, serial_shops, shop,
          uniq_crazy_yiuf_cottage
D:5:      layout_loops_cross, minmay_hedge_maze, st_stairs_11, uniq_duvessa
D:6:      layout_basic, grunt_temple_overflow_diamond
D:7:      layout_cave_pools, yredelemnul_forgotten_temple_becter,
          mainiacjoe_overflow_alcove_1, minmay_temple_entry_hall, serial_park,
          serial_park_tiny_1, serial_park_paths [serial_park_minivault_5x5_7],
          serial_park_gazebo [serial_park_minivault_5x5_6], dk_noncrumbling_4
D:8:      minmay_s_stair_smasher, layout_loops_ring, david_lair_shrubbed,
          gammafunk_ghost_abyssal_escape, serial_glass, glass_columns_a,
          glass_columns_a, minmay_strange_pillars, feat_on_display,
          feat_on_display, hangedman_decor_lopped
D:9:      nicolae_cairo_tiling_large, layout_rooms, serial_undead,
          serial_undead_f, serial_undead_e, serial_undead_d, serial_undead_f,
          uniq_gastronok
D:10:     layout_irregular_city
D:11:     layout_roguey, serial_shops, shop, chequers_serial_rivers_micro_d,
          grunt_qazlal_clouds, uniq_lodul, uniq_grum
D:12:     layout_roguey, erik_orc_4, portal_ice_cave_entry_ice_simulacra,
          uniq_urug
IceCv:    ice_cave_small_demon

Skill      XL: |  1  2  3  4  5  6  7  8  9 10 11 12 |
---------------+-------------------------------------+-----
Earth Magic    | 3 4 5 7 9 11 13 | 13.8
Dodging        | 3 4 5 7 8 |  8.2
Invocations    | 1 2 3 4 5 |  5.3
Conjurations   | 1 2 4 5 |  5.5
Spellcasting   | 3 4 5 |  5.2
Unarmed Combat | 1 2 3 |  3.1
Fighting       | 2 3 4 |  4.0
Shapeshifting  | 1 2 3 |  3.2
Necromancy     | 3 4 |  4.0
Stealth        | 3 |  3.0
Transmutations | |  1.1

Action                     |  1- 3 |  4- 6 |  7- 9 | 10-12 || total
---------------------------+-------+-------+-------+-------++-------
  Melee: Unarmed           |    17 |    16 |    17 |    14 ||    64
         Bite              |     1 |     4 |     4 |     4 ||    13
   Cast: Sandblast         |    58 |    67 |    62 |   127 ||   314
         Stone Arrow       |       |    15 |    83 |   176 ||   274
         Passwall          |       |       |     1 |       ||     1
         Borgnjor's Vile C |       |       |       |     8 ||     8
         Brom's Barrelling |       |       |       |     3 ||     3
 Invoke: Upheaval          |       |     1 |     8 |     8 ||    17
  Evoke: Wand              |       |       |     6 |    12 ||    18
    Use: Potion            |     2 |     1 |     4 |     2 ||     9
         Scroll            |       |       |     2 |    12 ||    14
 Armour: Skin              |    15 |    17 |    56 |    87 ||   175
  Dodge: Dodged            |    22 |    29 |   113 |   212 ||   376
         Repelled          |       |       |       |     1 ||     1
  Block: Other             |       |     3 |    13 |    49 ||    65
   Form: Beast             |       |       |       |     1 ||     1

Table legend: (Time is in decaauts)
 A = Elapsed time spent in this place.
 B = Non-inter-level travel time spent in this place.
 C = Inter-level travel time spent in this place.
 D = Time resting spent in this place.
 E = Time spent auto-exploring this place.
 F = Levels seen in this place.
 G = Mean time per level.
                   A        B        C        D        E       F      G
               +--------+--------+--------+--------+--------+-----+--------+
         Total |  16350 |  14892 |   1458 |   7550 |   5058 |  13 | 1257.7 |
       Dungeon |  16231 |  14773 |   1458 |   7505 |   5049 |  12 | 1352.6 |
      Ice Cave |    119 |    119 |      0 |     45 |      9 |   1 |  119.0 |
               +--------+--------+--------+--------+--------+-----+--------+

Top non-repeatable levels by time:
     D:6: 2523 daAuts
     D:8: 2254 daAuts
    D:10: 1669 daAuts
     D:7: 1394 daAuts
     D:4: 1378 daAuts
     D:2: 1366 daAuts
     D:5: 1323 daAuts
    D:11: 1234 daAuts
     D:9: 938 daAuts
     D:1: 934 daAuts
     D:3: 848 daAuts
    D:12: 364 daAuts
   IceCv: 119 daAuts
